Cogmind - Beta 12 @@@ ROGUE MODE // 2023.10.31 @ 00:43:36 Player: Shin Result: Destroyed by D-53 Grenadier with Mini Grenade Launcher Performance ------------- Evolutions (0) 0 Regions Visited (2) 400 Robots Destroyed (20) 100 Value Destroyed (342) 342 Prototype IDs (2) 40 Alien Tech Used (0) 0 Bonus (0) 0 TOTAL SCORE: 882 Bonus ------- None Cogmind --------- Core Integrity 0/250 Matter 6/300 Energy 92/100 System Corruption 0% Temperature Cool (0) Movement Rolling (175) Ox5 Location -10/Mines Parts ------- > --- POWER (1) -------- (None) > --- PROPULSION (2) --- Compact Wheel > --- UTILITY (2) ------ Huge Storage Unit Targeting Computer > --- WEAPON (2) ------- Light Assault Rifle Light Assault Rifle > --- INVENTORY (25) --- Ion Engine Light Treads Light Treads Compact Wheel Improved Heat Sink Cooling System Small Storage Unit High-capacity Matter Pod (69) Weight Redist. System Structural Scanner Visual Processing Unit Sensor Array Transport Network Coupler Targeting Computer ECM Suite Core Shielding Medium Armor Plating Medium Armor Plating Medium Armor Plating Medium Armor Plating Spread Laser Spread Laser Rocket Launcher Mini Grenade Launcher Peak State ------------ > --- POWER ------------ Light Nuclear Core > --- PROPULSION ------- Compact Wheel Compact Wheel > --- UTILITY ---------- Huge Storage Unit Targeting Computer > --- WEAPON ----------- Light Assault Rifle Mini Grenade Launcher > --- INVENTORY -------- Ion Engine Light Treads Light Treads Compact Wheel Improved Heat Sink Cooling System Small Storage Unit High-capacity Matter Pod Weight Redist. System Structural Scanner Visual Processing Unit Sensor Array Transport Network Coupler Targeting Computer ECM Suite Core Shielding Medium Armor Plating Medium Armor Plating Medium Armor Plating Medium Armor Plating EM Pulse Gun Spread Laser Spread Laser Light Assault Rifle Rocket Launcher [Rating: 13] Favorites ----------- Power Ion Engine Engine Ion Engine Power Core Light Nuclear Core Propulsion Compact Wheel Treads Light Treads Leg Aluminum Leg Wheel Compact Wheel Utility Targeting Computer Device Improved Terrain Scanner Storage Huge Storage Unit Processor Targeting Computer Weapon Light Assault Rifle Energy Gun Small Laser Ballistic Gun Light Assault Rifle Launcher Rocket Launcher Build | -11 -10 -10 ------- Run | Jun Mat Min Slots Evolved . | . . . Power . | . . . Propulsion . | . . . Utility . | . . . Weapon . | . . . Parts Attached 27 | 2 18 7 Power 1 | . . 1 Engine . | . . . Core 1 | . . 1 Reactor . | . . . Propulsion 14 | . 14 . Treads 4 | . 4 . Leg 2 | . 2 . Wheel 8 | . 8 . Hover . | . . . Flight . | . . . Utility 3 | 1 2 . Device 1 | 1 . . Storage 1 | . 1 . Processor 1 | . 1 . Hackware . | . . . Protection . | . . . Artifact . | . . . Weapon 9 | 1 2 6 Energy Gun 1 | 1 . . Energy Cannon . | . . . Ballistic Gun 4 | . 2 2 Ballistic Cannon . | . . . Launcher 4 | . . 4 Special Weapon . | . . . Impact Weapon . | . . . Slashing Weapon . | . . . Piercing Weapon . | . . . Special Melee Weapon . | . . . Unidentified Prototypes . | . . . Parts Lost 3 | . 1 2 Power 1 | . . 1 Propulsion 1 | . . 1 Utility 1 | . 1 . Weapon . | . . . Highest Loss Streak 2 | . 1 2 To Critical Strikes . | . . . Average Slot Usage (%) 99 | . 99 98 Engine 11 | . 14 . Core 2 | . . 13 Leg 4 | . 5 . Wheel 22 | . 21 26 Storage 14 | . 14 14 Processor 13 | . 12 14 Energy Gun 6 | . 8 . Ballistic Gun 19 | . 19 19 Launcher 1 | . . 8 Naked Turns . | . . . Heaviest Build 90 | 13 87 90 Greatest Support 32 | 20 32 32 Greatest Overweight (x) 5 | . 5 5 Average Overweight (x) 1 | . 1 2 Largest Inventory Capacity 25 | 8 25 25 Average Capacity 21 | 8 21 25 Most Carried 25 | 7 25 25 Average Carried 17 | 6 15 24 Final Capacity 25 | 8 25 25 Final Carried 25 | 6 25 24 Class Distribution -------------------- 100% | Mutant Dominant Class ---------------- Mutant | -10/Materials Mutant | -10/Mines Resources | -11 -10 -10 ----------- Run | Jun Mat Min Matter Collected 544 | 210 205 129 Remotely . | . . . Salvage Created 767 | 124 488 155 Parts 46 | 5 32 9 Haulers Intercepted 2 | . 2 . Recyclers Shooed 3 | 1 2 . Parts Field Recycled . | . . . Retrieved Matter . | . . . Parts Self-Destructed . | . . . Prevented . | . . . Kills | -11 -10 -10 ------- Run | Jun Mat Min Combat Hostiles Destroyed 28 | . 7 21 Guns 12 | . 7 5 AOE 16 | . . 16 Classes Destroyed 8 | 2 4 2 Worker 1 | . . 1 Tunneler 1 | 1 . . Hauler 2 | . 2 . Recycler 3 | 1 2 . Watcher 2 | . 2 . Swarmer 5 | . 3 2 Grunt 6 | . 4 2 Assembled 17 | . . 17 Best Kill Streak 12 | 2 6 12 Combat Bots Only 11 | . 5 11 Max Kills in Single Turn 2 | 1 2 2 Gunslinging . | . . . Exploded 2 | . . 2 Melee . | . . . Uniques/NPCs Destroyed . | . . . Combat | -11 -10 -10 -------- Run | Jun Mat Min Damage Taken 717 | . 213 504 Core 251 | . 20 231 Absorbed by Shields . | . . . Core Remaining (%) 100 | 100 . . Volleys Fired 82 | 7 40 35 Largest 2 | 2 2 2 Hottest 80 | 80 80 40 Shots Fired 133 | 14 80 39 Gun 109 | 14 80 15 Cannon . | . . . Launcher 24 | . . 24 Special . | . . . Kinetic 57 | . 42 15 Thermal 52 | 14 38 . Explosive 24 | . . 24 Electromagnetic . | . . . Robot Hit Streak 10 | 3 9 10 Robot Miss Streak 5 | 2 5 2 Penetration Max . | . . . Secondary Targets . | . . . Shots Hit Robots 77 | 9 48 20 Core Hits 68 | 3 26 39 Critical Kills . | . . . Critical Parts Destroyed . | . . . Critical Strikes . | . . . Melee Attacks . | . . . Impact . | . . . Slashing . | . . . Piercing . | . . . Sneak Attacks . | . . . Combat Hostiles . | . . . Follow-up Attacks . | . . . Damage Inflicted 1857 | 98 456 1303 Guns 656 | 98 456 102 Cannons . | . . . Explosions 1201 | . . 1201 Melee . | . . . Ramming . | . . . Kinetic 340 | . 238 102 Thermal 316 | 98 218 . Explosive 1201 | . . 1201 Electromagnetic . | . . . Impact . | . . . Slashing . | . . . Piercing . | . . . Highest Corruption . | . . . Average Corruption . | . . . Corruption Purged . | . . . Corruption Blocked . | . . . Overload Shots . | . . . Overflow Damage 95 | . . 95 Projectiles . | . . . Explosions 95 | . . 95 Melee . | . . . Knockbacks . | . . . Impact . | . . . Kinetic . | . . . Secondary . | . . . Self-Inflicted Damage 45 | . . 45 Shots 3 | . . 3 Rammed . | . . . Targets Rammed . | . . . Kicked . | . . . Crushed . | . . . Highest Temperature 162 | 90 162 17 Average Temperature 50 | 40 65 6 Received Heat Transfer 128 | . 90 38 Siege Activations . | . . . Robots Corrupted . | . . . Combat Hostiles . | . . . Parts Fried . | . . . Impact Corruptions . | . . . Robots Melted . | . . . Combat Hostiles . | . . . Parts Melted 2 | 2 . . Heat Transferred 725 | 225 500 . Parts Sabotaged . | . . . Parts Stolen . | . . . Parts Stripped . | . . . Power Chain Reactions . | . . . Missiles Intercepted . | . . . Alert | -11 -10 -10 ------- Run | Jun Mat Min Peak Influence 244 | 10 236 244 Initial 6 | . 6 . Average 78 | 4 57 166 Maximum Alert Level 1 | . 1 1 Low Security (%) 83 | 100 90 53 Level 1 16 | . 9 46 Level 2 . | . . . Level 3 . | . . . Level 4 . | . . . Level 5 . | . . . High Security . | . . . Max Security . | . . . Squads Dispatched 2 | . 2 . Investigation 1 | . 1 . Extermination . | . . . Reinforcement 1 | . 1 . Assault . | . . . Garrison . | . . . Intercept . | . . . Searches Triggered . | . . . Construction Impeded . | . . . Haulers Reinforced . | . . . Active Scanning Responses . | . . . Cargo Convoy Interrupts . | . . . Stealth | -11 -10 -10 --------- Run | Jun Mat Min Distress Signals . | . . . Communications Jammed . | . . . Distress Signals . | . . . Times Spotted 35 | . 16 19 Peak Tracking Total 4 | . 4 4 Tactical Retreats 1 | . 1 . Traps | -11 -10 -10 ------- Run | Jun Mat Min Traps Triggered . | . . . Indirectly . | . . . Trap Hack Attempts . | . . . Triggered . | . . . Disarmed . | . . . Reprogrammed . | . . . Reused . | . . . Traps Extracted . | . . . Installed . | . . . Triggered . | . . . Machines | -11 -10 -10 ---------- Run | Jun Mat Min Machines Disabled . | . . . Max in Single Turn . | . . . Machines Repaired . | . . . Machines Sabotaged . | . . . Overloaded Fab Kills . | . . . Hacking | -11 -10 -10 --------- Run | Jun Mat Min Machines Accessed 6 | . 6 . Terminals 6 | . 6 . Fabricators . | . . . Repair Stations . | . . . Recycling Units . | . . . Scanalyzers . | . . . Garrison Access . | . . . Total Hacks 16 | . 16 . Successful 7 | . 7 . Failed 9 | . 9 . Catastrophic 2 | . 2 . Database Lockouts . | . . . Manual 6 | . 6 . Terminals 16 | . 16 . Fabricators . | . . . Repair Stations . | . . . Recycling Units . | . . . Scanalyzers . | . . . Garrison Access . | . . . Terminal Hacks 5 | . 5 . Robot Analysis 1 | . 1 . Prototype ID Bank 1 | . 1 . Locate Traps 1 | . 1 . Zone Layout 2 | . 2 . Fabricator Hacks . | . . . Repair Station Hacks . | . . . Recycling Unit Hacks . | . . . Scanalyzer . | . . . Garrison Access Hacks . | . . . Unauthorized Hacks 2 | . 2 . Terminals 2 | . 2 . Botnet 2 | . 2 . Fabricators . | . . . Repair Stations . | . . . Recycling Units . | . . . Scanalyzers . | . . . Garrison Access . | . . . Data Cores Recovered . | . . . Used . | . . . Hacking Detections 6 | . 6 . Full Trace Events 1 | . 1 . Feedback Events . | . . . Feedback Blocked . | . . . Robot Schematics Acquired . | . . . Robots Built . | . . . Authchips . | . . . Time . | . . . Total Robot Build Rating . | . . . Part Schematics Acquired . | . . . Parts Built . | . . . Authchips . | . . . Time . | . . . Total Part Build Rating . | . . . Parts Repaired . | . . . Time . | . . . Parts Recycled . | . . . Recycled Matter . | . . . Retrieved Matter . | . . . Retrieved Components . | . . . Parts Scanalyzed . | . . . Part Schematics Acquired . | . . . Parts Damaged . | . . . Bothacking | -11 -10 -10 ------------ Run | Jun Mat Min Used RIF Installer . | . . . Robots Hacked . | . . . Non-combat . | . . . Combat . | . . . Robot Hacks Applied . | . . . Relay Couplers Released . | . . . Fabnet Peak Effective % . | . . . Robots Rewired . | . . . Allies Hacked . | . . . Hacks Repelled . | . . . Allies | -11 -10 -10 -------- Run | Jun Mat Min Total Allies . | . . . Largest Group . | . . . Highest-Rated Group . | . . . Highest-Rated Ally . | . . . Total Orders . | . . . Ally Attacks . | . . . Total Damage . | . . . Kills . | . . . Allies Corrupted . | . . . Allies Melted . | . . . Intel | -11 -10 -10 ------- Run | Jun Mat Min Robot Analysis Total 1 | . 1 . Derelict Logs Recovered 2 | . . 2 Drone Launches . | . . . Drone Recoveries . | . . . Exploration | -11 -10 -10 ------------- Run | Jun Mat Min Turns Passed 1437 | 45 1087 305 Spaces Moved 873 | 18 690 165 Core . | . . . Treads . | . . . Legs 159 | 18 141 . Wheels 714 | . 549 165 Hover . | . . . Flight . | . . . Fastest Speed 120 | 120 120 130 Average Speed 128 | 120 128 133 Slowest Speed 175 | 120 175 175 Overloaded Moves . | . . . Propulsion Burnouts . | . . . Robots Hopped . | . . . Cave-ins Triggered . | . . . Exploration Rate (%) 37 | 3 69 41 Regions Visited 2 Branch Regions 1 Pre-discovered Areas 1 | . . 1 Known Exits Taken . | . . . Unknown Exits Taken 2 | 1 1 . Scrap Searched . | . . . Spaces Dug . | . . . Terrain Destroyed 161 | . . 161 Melee . | . . . Projectile . | . . . AOE 161 | . . 161 Terrain Rammed . | . . . Walls Destroyed . | . . . Machines Disabled . | . . . Actions | -11 -10 -10 --------- Run | Jun Mat Min Total 1065 | 27 824 214 Wait 23 | . 22 1 Move 871 | 17 689 165 Hop . | . . . Pick Up 39 | 1 36 2 Fast Attach 1 | . . 1 Attach 2 | 1 1 . Detach . | . . . Swap 24 | 1 17 6 Drop 23 | . 19 4 Fire 82 | 7 40 35 Melee . | . . . Ram . | . . . Kick . | . . . Crush . | . . . Escape Stasis . | . . . Rewire . | . . . Trap . | . . . Miscellaneous . | . . . Route ------- -11/Junkyard -10/Materials (discovered 3 exits: [*Mat x2] / [*Min]) -10/Mines History --------- Turn | Location | Event 1 | -11/Junkyard | Discovered new exit (range 3) 46 | -11/Junkyard | Entered Materials 61 | -10/Materials | Discovered new exit (range 15) 240 | -10/Materials | Discovered new exit (range 16) 329 | -10/Materials | Build established: Mutant 478 | -10/Materials | Discovered new exit (range 16) 1133 | -10/Materials | Entered Mines 1190 | -10/Mines | Assembled infested the area 1195 | -10/Mines | Assisted by a Guerilla fighting off Assembled 1197 | -10/Mines | Met a Derelict bent on vengeance 1261 | -10/Mines | Destroyed 11 combat bots 1335 | -10/Mines | Learned Materials trap positions 1337 | -10/Mines | Learned location of Zion (-6) 1428 | -10/Mines | Core integrity fell below 50% 1438 | -10/Mines | Core integrity fell below 20% 1438 | -10/Mines | Destroyed by D-53 Grenadier with Mini Grenade Launcher Last Messages --------------- 01405_ Com. Wheel destroyed. 01406_ U-05 Engineer lays Concrete. 01407_ U-05 Engineer builds a Wall. 01408_ as-18391 destroyed. [Achievement: Exterminator] 01408_ Destroyed Asb. Hover Unit. 01408_ as-67583 destroyed. 01413_ K-01 Serf collects debris. 01417_ The unstable cave ceiling collapses. 01417_ K-01 Serf collects debris. 01417_ as-79738 destroyed. 01422_ U-05 Engineer builds a Wall. 01425_ The unstable cave ceiling collapses. 01426_ U-05 Engineer lays Concrete. 01428_ The unstable cave ceiling collapses. 01429_ U-05 Engineer lays Concrete. 01430_ K-01 Serf collects debris. 01431_ Lgt. Nuclear Core destroyed. 01433_ K-01 Serf collects debris. 01436_ The unstable cave ceiling collapses. Map ----- +----------------------------------------------------+ | | | | | | | | | | | | | | | | | ????????????????????????????????????????? | | ???????###??????????????????????????????? | | ??????## #???????????????????????####??? | | ??????# ######????????????????# ##?? | | ??????# ##??????????????? ##? | | ???????# #??????????????# #? | | ????????# #??############# #? | | ?????????# #### # ### #? | | ??????????# ### #?? | | ?????????## #??? | | ?????????# " #??? | | ####???### d # # #??? | | ???# ##k d [ ### #??? | | ???## # ##?## ##??? | | #??## # # # ##??###???? | | #?## ## # # ##???????? | | ### # # ## # ##??????? | | "# ## ### @ #??????? | | # ## ## #?????? | | # ### # ##?????? | | ## # #### #??????? | | ## ##??????? | | =%| # [ "######### #???????? | | # ##???????? ??????? | | #### * #????????? ?????? | | #?# #???????? [ ????? | | #?### #???????? #???? | | ##????## #???????? #???? | | #####???????# #???????? ##*%= #???? | | #???????????? #???????##?# ?????? | | ?????????????? ??????????? ???????? | | ??????????????? ?????????????????????? | | ??????????????? ???????????????????????? | | #???????????????????????????????????????? | | #???????????????????????????????????????? | | #???????????????????????????????????????? | | #???????????????????????????????????????? | | #???????????????????????????????????????? | | #???????????????????????????????????????? | | #???????????????????????????????????????? | | ????????????????????????????????????????? | | ????????????????????????????????????????? | +----------------------------------------------------+ Best States ------------- Heat Dissipation 25 Energy Generation 14 Energy Capacity 250 Matter Stores 300 Matter Capacity 300 Sight Range 16 Terrain Scan Range 16 Terrain Scan Density 10 Evasion (%) 55 Targeting Accuracy 5 Recoil Reduction 2 Item Schematics ----------------- None Robot Schematics ------------------ None Fabricated ------------ Nothing Alien Tech Used ----------------- None Achievements -------------- Exterminator Challenges ------------ None Game ------ Seed ReinforcedLaserCharge Manual? 0 Play Time 00:20:11 Cumulative 149.5 hours Start 2023.10.31 @ 00:24:14 End 2023.10.31 @ 00:43:36 Sessions 1 Manual Loads 0 Difficulty Rogue Special Mode None Game No. 108 Rogue 103 Adventurer 0 Explorer 5 Win Type - Total 2 Types 2/0/0/0/0/0/0/0/0 Lore% 58 Gallery% 67 Achievement% 48 Wizard Run 0 Options --------- ASCII 0 Keyboard 0 Movement Arrows Keybinds 1 Fullscreen 1 Font 18/TerminusBold Map View 76x50 Tactical HUD 1 Map Filters NONE Filters NONE Steam 1 RUN: 32de346e-75b0-4de9-aca3-57730463751c